 Dungeon Crawl Stone Soup version 0.32-a0-893-gf85d74f360 (webtiles) character file.

Game seed: 7621616171921073850

4282 Heh the Basher (level 10, -1/76 (80) HPs)
             Began as a Coglin Gladiator on Apr 3, 2024.
             Was an Initiate of Gozag.
             Slain by a wight
             ... wielding a +0 battleaxe
              (4 damage)
             ... while petrified by a basilisk
             ... on level 8 of the Dungeon.
             The game lasted 00:11:07 (7639 turns).

Heh the Basher (Coglin Gladiator)                   Turns: 7639, Time: 00:11:08

HP:   -1/76 (80)    AC: 13    Str: 17    XL:     10   Next: 32%
MP:   10/10         EV:  2    Int:  7    God:    Gozag
Gold: 1294          SH:  0    Dex: 18    Spells: 9/9 levels left

rFire   . . .        q - +3 whip (elec) {Pancho}
rCold   . . .        S - +0 flail (holy) {Somchai}
rNeg    + + +        Q - +1 scale mail {rPois}
rPois   ∞            g - +2 helmet
rElec   +            (no cloak)
rCorr   +            n - +2 pair of gloves "Hyssom" {rElec rCorr}
SInv    .            (no boots)
Will    .....        (amulet unavailable) Stlth
                     (ring unavailable)
HPRegen 0.32/turn    (ring unavailable)
MPRegen 0.12/turn    (no gizmo)

%: no passive effects
@: petrified, drained
A: off-hand wielding, slow wielding, warmup strikes, no jewellery
a: Invent Gizmo, Renounce Religion, Potion Petition, Call Merchant, Bribe Branch


You were on level 8 of the Dungeon.
You worshipped Gozag.
Gozag was most pleased with you.
You visited 2 branches of the dungeon, and saw 10 of its levels.
You also visited: Ossuary.

You collected 1351 gold pieces.
You paid 57 gold pieces to Gozag.

Inventory:

Hand Weapons
 p - a +2 whip of electrocution {Thoko}
 q - a +3 whip of electrocution (weapon) {Pancho}
 y - a +2 flail of protection {Florimund}
 N - a +4 trident of draining
 S - a +0 flail of holy wrath (offhand) {Somchai}
Missiles
 d - 2 throwing nets (quivered)
 e - a javelin
Armour
 g - a +2 helmet (worn)
 h - the +2 cloak "Sousu" {^Contam Harm Str+2 Int+4}
   (You found it on level 9 of the Dungeon)

   Str+2:     It affects your strength (+2).
   Int+4:     It affects your intelligence (+4).
   ^Contam:   It causes magical contamination when unequipped.
   Harm:      It increases damage dealt and taken.
 l - a +0 chain mail
 m - a +0 scale mail
 n - the +2 pair of gloves "Hyssom" (worn) {rElec rCorr}
   (You found it on level 2 of the Dungeon)

   rElec:     It insulates you from electricity.
   rCorr:     It protects you from acid and corrosion.
 s - a +0 plate armour
 t - a +0 pair of boots
 v - a +0 ring mail
 M - a +2 chain mail of willpower
 O - an orb of guile
 Q - a +1 scale mail of poison resistance (worn)
Wands
 a - a wand of light (4)
 f - a wand of digging (2)
 L - a wand of paralysis (3)
 P - a wand of flame (16)
Scrolls
 c - a scroll of immolation {unknown}
 j - 2 scrolls of enchant weapon
 k - 4 scrolls of teleportation {unknown}
 r - a scroll of amnesia {unknown}
 x - 10 scrolls of identify {unknown}
 B - 2 scrolls of enchant armour {unknown}
 I - a scroll of revelation
 J - 2 scrolls of fear {unknown}
Potions
 b - a potion of berserk rage {unknown}
 i - 5 potions of invisibility {unknown}
 o - 3 potions of brilliance {unknown}
 u - 5 potions of attraction {unknown}
 w - 2 potions of curing {unknown}
 z - 2 potions of heal wounds {unknown}
 A - 2 potions of resistance {unknown}
 D - a potion of haste {unknown}
 E - a potion of lignification {unknown}
 F - 2 potions of enlightenment {unknown}
 G - a potion of might {unknown}
 H - a potion of magic {unknown}
 K - 2 potions of ambrosia {unknown}
 R - a potion of mutation {unknown}


   Skills:
 - Level 8.0 Fighting
 - Level 4.5 Long Blades
 * Level 11.0 Maces & Flails
 - Level 1.7 Throwing
 - Level 2.6 Dodging


You had 9 spell levels left.
You didn't know any spells.
Your spell library contained the following spells:

 Spells                   Type           Power      Damage    Failure   Level
 Magic Dart               Conj           0%         1d3       86%         1
 Blink                    Tloc           0%         N/A       95%         2
 Call Imp                 Summ           0%         N/A       95%         2
 Sublimation of Blood     Necr           0%         N/A       95%         2
 Dazzling Flash           Conj/Hex       0%         N/A       99%         3
 Frozen Ramparts          Ice            0%         1d1       99%         3
 Fugue of the Fallen      Necr           0%         N/A       99%         3
 Hailstorm                Conj/Ice       0%         3d5       99%         3
 Inner Flame              Hex/Fire       0%         N/A       99%         3
 Mephitic Cloud           Conj/Alch/Air  0%         N/A       99%         3
 Ozocubu's Armour         Ice            0%         N/A       99%         3
 Summon Ice Beast         Ice/Summ       0%         N/A       99%         3
 Curse of Agony           Necr           0%         N/A       100%        5
 Irradiate                Conj/Alch      0%         3d11      100%        5
 Metabolic Englaciation   Hex/Ice        0%         N/A       100%        5
 Silence                  Hex/Air        0%         N/A       100%        5
 Permafrost Eruption      Ice/Erth       0%         2x4d1     100%        6
 Sculpt Simulacrum        Ice/Alch       0%         N/A       100%        6
 Manifold Assault         Tloc           0%         N/A       100%        7
 Summon Hydra             Summ           0%         N/A       100%        7
 Ignition                 Fire           0%         3d3       100%        8


Dungeon Overview and Level Annotations

Branches:
Dungeon (9/15)             Temple (1/1) D:4            Lair (0/5) D:9
Ossuary (visited)
    Orc: D:9-12

Altars:
Cheibriados
Dithmenos
Elyvilon
Gozag
Hepliaklqana
Kikubaaqudgha
Makhleb
Nemelex Xobeh
Okawaru
Qazlal
Ru
Trog
Uskayaw
Vehumet
Wu Jian
Xom
Yredelemnul
Zin
The Shining One

Shops:
D:1 =

Portals:
Abyss: D:7

Annotations:
D:7 2 transporters, Heh's ghost, novice CoGl


Innate Abilities, Weirdness & Mutations

You can wield a second weapon in your off-hand.
It takes a long time for you to wield or remove held weapons.
Your first few attacks do less damage.
You cannot equip rings or amulets.


Message History

The basilisk bites you but does no damage.
The blink frog hits you!
The wight hits you but does no damage. x2
You turn to flesh and can move again.
The blink frog hits you.
The blink frog blinks!
The basilisk gazes at you.
You are slowing down.
The wight hits you but does no damage.
The wight hits you from afar with a +2 trident.
You feel drained.
You climb upwards.
You have turned to stone.
The blink frog hits you but does no damage.
The basilisk bites you but does no damage.
The wight hits you with a +0 battleaxe. The blink frog hits you!
The blink frog hits you!
* * * LOW HITPOINT WARNING * * *
The basilisk bites you.
* * * LOW HITPOINT WARNING * * *
The wight hits you with a +0 battleaxe. The blink frog barely misses you.
The basilisk bites you but does no damage.
The wight hits you with a +0 battleaxe!
* * * LOW HITPOINT WARNING * * *
The blink frog hits you!
* * * LOW HITPOINT WARNING * * *
The basilisk bites you but does no damage.
The wight hits you with a +0 battleaxe.
* * * LOW HITPOINT WARNING * * *
The blink frog blinks!
The basilisk bites you!
* * * LOW HITPOINT WARNING * * *
The wight barely misses you. The basilisk bites you.
The wight hits you but does no damage.
The blink frog blinks!
The basilisk bites you!
* * * LOW HITPOINT WARNING * * *
The wight hits you but does no damage.
The blink frog blinks!
The basilisk barely misses you. The wight hits you with a +0 battleaxe!
You die...
Your body crumbles into a pile of gold.

########### #.........#
#.........# #.........#
###.........# ............#
........####################
............F.§l@..........#
........########z#########.#
........# #.# #.# ........#
#.# #.# ........# #.# #.#
######### #.# #.# ........#
#.# #.# ........# #.# #.#
........# #.# #.#


You could see a basilisk, a blink frog and a wight.

Vanquished Creatures
  Maurice (D:7)
  Jeremiah (D:7)
  A troll (D:8)
  2 wyverns
  2 wraiths
  Duvessa (D:7)
  2 water moccasins
  2 black bears
  2 ice beasts
  A centaur (D:7)
  5 ogres
  3 phantoms
  A kobold brigand (D:8)
  2 bullfrogs
  An elf zombie (Ossuary)
  3 wights
  Dowan (D:7)
  A burial acolyte (Ossuary)
  A howler monkey (D:8)
  A human zombie (Ossuary)
  2 bombardier beetles (D:4)
  A centaur zombie (Ossuary)
  A gnoll bouda (D:7)
  5 hounds
  2 orc priests
  2 sleepcaps
  An iguana (D:4)
  2 orc wizards
  A crocodile zombie (Ossuary)
  A hound zombie (Ossuary)
  3 mummies (Ossuary)
  6 gnolls
  8 adders
  2 white imps
  6 ufetubi
  4 adder zombies (Ossuary)
  2 dart slugs
  13 orcs
  8 ball pythons
  8 endoplasms
  2 giant cockroaches (D:1)
  2 gnoll zombies (Ossuary)
  5 goblins
  9 hobgoblins
  6 jackals
  4 quokkas
  9 ball python zombies (Ossuary)
  10 bats
  2 frilled lizards (D:1)
  4 jackal zombies (Ossuary)
  10 kobolds
  4 kobold zombies (Ossuary)
  An orc zombie (Ossuary)
  6 rats
186 creatures vanquished.

Vanquished Creatures (others)
  A ribbon worm (D:3)
  A goblin (D:3)
2 creatures vanquished.

Grand Total: 188 creatures vanquished

Notes
Turn   | Place    | Note
-------+----------+-------------------------------------------
     0 | D:1      | Heh the Coglin Gladiator began the quest for the Orb.
     0 | D:1      | Reached XP level 1. HP: 16/16 MP: 1/1
   159 | D:1      | Reached XP level 2. HP: 22/22 MP: 2/2
   517 | D:1      | Reached XP level 3. HP: 27/27 MP: 3/3
   539 | D:1      | Found Jiseroc's Jewellery Shoppe.
  1081 | D:2      | Identified the +2 pair of gloves "Hyssom" {rElec rCorr}
  1301 | D:2      | Reached XP level 4. HP: 33/33 MP: 4/4
  1373 | D:2      | Found a faded altar of an unknown god.
  1379 | D:2      | Reached skill level 1 in Maces & Flails
  2208 | D:3      | Noticed an ogre
  2216 | D:3      | Killed an ogre
  2217 | D:3      | Reached skill level 2 in Maces & Flails
  2217 | D:3      | Reached XP level 5. HP: 37/41 MP: 5/5
  2264 | D:3      | Found a shimmering altar of Xom.
  2304 | D:3      | Reached skill level 3 in Maces & Flails
  2308 | D:3      | Found a sacrificial altar of Ru.
  2570 | D:4      | Noticed an ogre
  2576 | D:4      | Killed an ogre
  2577 | D:4      | Reached XP level 6. HP: 47/47 MP: 6/6
  2737 | D:4      | Found a staircase to the Ecumenical Temple.
  2747 | Temple   | Entered the Ecumenical Temple
  2775 | Temple   | Became a worshipper of Gozag Ym Sagoz the Greedy
  3144 | D:4      | Reached skill level 4 in Maces & Flails
  3398 | D:5      | Entered Level 5 of the Dungeon
  3441 | D:5      | Reached XP level 7. HP: 53/54 MP: 7/7
  3666 | D:5      | Noticed a wraith
  3671 | D:5      | Killed a wraith
  3672 | D:5      | Reached skill level 5 in Maces & Flails
  3856 | D:5      | Reached skill level 5 in Fighting
  3856 | D:5      | Reached XP level 8. HP: 48/62 MP: 8/8
  4272 | D:6      | Reached skill level 6 in Maces & Flails
  4403 | D:6      | Found a white marble altar of Elyvilon.
  4405 | D:6      | Found a glowing silver altar of Zin.
  4409 | D:6      | Found a glowing golden altar of the Shining One.
  4561 | D:6      | Found a sand-covered staircase.
  4600 | Ossuary  | Entered an ossuary
  4707 | Ossuary  | Reached skill level 7 in Maces & Flails
  5283 | D:6      | Reached XP level 9. HP: 71/71 MP: 9/9
  5291 | D:6      | Reached skill level 8 in Maces & Flails
  5555 | D:7      | Noticed Maurice
  5562 | D:7      | Noticed Jeremiah
  5565 | D:7      | Killed Maurice
  5578 | D:7      | Reached skill level 9 in Maces & Flails
  5668 | D:7      | Killed Jeremiah
  5881 | D:7      | Found a transporter.
  5884 | D:7      | Found a transporter.
  5913 | D:7      | Noticed Heh's ghost (novice CoGl)
  5940 | D:7      | Found a one-way gate to the infinite horrors of the Abyss.
  6191 | D:7      | Noticed Duvessa
  6194 | D:7      | Noticed Dowan
  6203 | D:7      | Killed Duvessa
  6212 | D:7      | Killed Dowan
  6368 | D:7      | Found a hazy altar of Hepliaklqana.
  6646 | D:8      | Reached skill level 10 in Maces & Flails
  6646 | D:8      | Reached XP level 10. HP: 80/80 MP: 10/10
  7213 | D:9      | Found an ornate altar of the Wu Jian Council.
  7214 | D:9      | Found a basalt altar of Yredelemnul.
  7241 | D:9      | Identified the +2 cloak "Sousu" {^Contam Harm Str+2 Int+4}
  7474 | D:9      | Reached skill level 11 in Maces & Flails
  7474 | D:9      | Found a staircase to the Lair.
  7638 | D:8      | HP: 3/76 [basilisk (4)]
  7639 | D:8      | Slain by a wight

Illustrated notes

Levels and vault maps discovered:
D:1:      mrwooster_arrival_statue_2, layout_loops_corners, serial_shops, shop
D:2:      layout_basic, chequers_ecumenical_altar_twisty
D:3:      layout_basic, xom_confusion_cloud, nicolae_overflow_crystal_walls
D:4:      layout_cave_pods, minmay_temple_entry_glassed_door
D:5:      layout_loops_ring, minmay_misc_feat_encased, moated_statue,
          chequers_serial_rivers_micro_c
D:6:      layout_gridville, dreamdust_divine_triumvirate,
          nicolae_ossuary_entry_ruins
D:7:      layout_rooms, worldfamousw_hep_ancestral_shrine,
          gammafunk_ghost_abyssal_escape, uniq_jeremiah, uniq_maurice,
          uniq_duvessa
D:8:      layout_basic, kennysheep_decorative_pillar
D:9:      layout_rooms, minitemple, mainiacjoe_overflow_six_doors_small,
          dpeg_lair_monsters
Temple:   chequers_temple_sunken

Skill      XL: |  1  2  3  4  5  6  7  8  9 10 |
---------------+-------------------------------+-----
Long Blades    | 4 |  4.5
Maces & Flails | 2 3 4 5 7 10 11 | 11.0
Fighting       | 3 4 5 6 8 |  8.0
Throwing       | |  1.7
Dodging        | |  2.6

Action                     |  1- 3 |  4- 6 |  7- 9 | 10-12 || total
---------------------------+-------+-------+-------+-------++-------
  Melee: Long sword        |    62 |       |       |       ||    62
         Short sword       |    59 |       |       |       ||    59
         Whip              |    11 |   132 |   480 |    88 ||   711
         Flail             |       |    14 |       |       ||    14
  Throw: Throwing net      |       |     3 |     1 |       ||     4
    Use: Scroll            |       |     1 |     2 |       ||     3
   Stab: Sleeping          |     1 |       |       |       ||     1
         Held in net/web   |       |     2 |     1 |       ||     3
         Distracted        |       |       |     1 |       ||     1
 Armour: Leather armour    |    24 |       |       |       ||    24
         Scale mail        |    21 |    56 |    57 |    76 ||   210
         Chain mail        |     1 |       |    27 |       ||    28
         Ring mail         |       |       |    90 |       ||    90
  Dodge: Dodged            |    46 |    46 |   126 |    37 ||   255

Table legend: (Time is in decaauts)
 A = Elapsed time spent in this place.
 B = Non-inter-level travel time spent in this place.
 C = Inter-level travel time spent in this place.
 D = Time resting spent in this place.
 E = Time spent auto-exploring this place.
 F = Levels seen in this place.
 G = Mean time per level.
                   A        B        C        D        E       F      G
               +--------+--------+--------+--------+--------+-----+--------+
         Total |   7567 |   7201 |    366 |    107 |   5630 |  11 |  687.9 |
       Dungeon |   7045 |   6707 |    338 |    107 |   5318 |   9 |  782.8 |
        Temple |     62 |     35 |     27 |      0 |      0 |   1 |   62.0 |
       Ossuary |    460 |    460 |      0 |      0 |    312 |   1 |  460.0 |
               +--------+--------+--------+--------+--------+-----+--------+

Top non-repeatable levels by time:
     D:1: 1046 daAuts
     D:2: 1004 daAuts
     D:7: 939 daAuts
     D:5: 862 daAuts
     D:6: 797 daAuts
     D:4: 791 daAuts
     D:8: 763 daAuts
     D:3: 505 daAuts
 Ossuary: 460 daAuts
     D:9: 334 daAuts
  Temple: 62 daAuts
